 Dungeon Crawl Stone Soup version bcrawl-1.22 (webtiles) character file.

Game seed: 581644901522088288

41225 Chiseanne the Fighter (level 13, -2/122 HPs)
             Began as a Grey Draconian Archaeologist on May 21, 2020.
             Was an Initiate of Gozag.
             Slain by an orc knight
             ... wielding a +0 war axe
              (21 damage)
             ... in the Orcish Mines.
             The game lasted 00:56:06 (18496 turns).

Chiseanne the Fighter (DrAc)                       Turns: 18496, Time: 00:56:07

Health: -2/122     AC: 21    Str: 14    XL:     13   Next: 78%
Magic:  21/21      EV: 21    Int: 18    God:    Gozag
Gold:   462        SH: 10    Dex: 16    Spells: 16/17 levels left

rFire    + + .     SeeInvis +   a - +11 long sword of Trauma {venom, +Blink rF++}
rCold    + . .     Gourm    .   H - +2 buckler {reflect}
rNeg     . . .     Faith    .   (armour unavailable)
rPois    +         Spirit   .   N - +3 crown of Dyrovepreva {rElec Int+2 SInv}
rElec    +         Reflect  +   (no cloak)
rCorr    .         Harm     .   o - +2 pair of gloves {Dex+3}
MR       .....                  Q - +1 pair of boots {Stlth++}
Stlth    ++++......             (no amulet)
HPRegen  0.30/turn              i - ring of protection from cold
MPRegen  0.17/turn              b - ring of poison resistance

@: about to teleport, gold aura, hasted, very quick
A: walk through water, unfitting armour, unbreathing, cold-blooded, AC +13
a: Potion Petition, Call Merchant, Bribe Branch, Renounce Religion, Evoke Blink


You were in the Orcish Mines.
You worshipped Gozag.
Gozag was aware of your devotion.
You were not hungry.

You visited 2 branches of the dungeon, and saw 13 of its levels.
You also visited: Ossuary.

You collected 6468 gold pieces.
You spent 3097 gold pieces at shops.
You paid 2909 gold pieces to Gozag.

Inventory:

Hand Weapons
 a - the +11 long sword of Trauma (weapon) {venom, +Blink rF++}
   (You bought it in a shop on level 2 of the Dungeon)

   It poisons the flesh of those it strikes.
   It greatly protects you from fire.
   It lets you blink.
 k - a +0 blowgun
 s - a +1 morningstar of holy wrath
 w - a +2 hunting sling of velocity
Missiles
 r - 617 tomahawks
 A - 2 throwing nets {!f}
 B - 51 javelins (quivered)
 C - 117 needles of confusion
 I - 259 poisoned needles
Armour
 o - a +2 pair of gloves of dexterity (worn)
 H - a +2 buckler of reflection (worn)
 N - the +3 crown of Dyrovepreva (worn) {rElec Int+2 SInv}
   (You bought it in a shop on level 4 of the Dungeon)

   It affects your intelligence (+2).
   It insulates you from electricity.
   It lets you see invisible.
 Q - a +1 pair of boots of stealth (worn)
Jewellery
 b - a ring of poison resistance (right hand)
 i - a ring of protection from cold (left hand)
Wands
 c - a wand of iceblast (10)
 f - a wand of digging (8)
 n - a wand of acid (2)
 F - a wand of flame (47)
 K - a wand of enslavement (2)
 L - a wand of polymorph (9)
Scrolls
 d - 2 scrolls of magic mapping
 p - 4 scrolls of teleportation
 x - 5 scrolls of remove curse
 J - a scroll of blinking
 P - 6 scrolls of identify
Potions
 g - 3 potions of might
 h - a potion of resistance
 j - 7 potions of lignification
 l - a potion of invisibility
 t - 3 potions of curing
 v - a potion of haste
 z - 3 potions of flight
Comestibles
 e - 9 rations {!d}


   Skills:
 - Level 13.1 Fighting
 - Level 3.8 Long Blades
 - Level 1.0 Maces & Flails
 * Level 1.0 Throwing
 * Level 11.7 Dodging
 - Level 3.0 Stealth
 * Level 11.1 Shields
 * Level 2.7 Spellcasting
 - Level 11.4 Evocations


You had 16 spell levels left.
You knew the following spells:

 Your Spells              Type           Power        Failure   Level  Hunger
a - Apportation           Tloc           #.....       17%         1    #......

Your spell library contained the following spells:

 Spells                   Type           Power        Failure   Level  Hunger
 Infusion                 Chrm           #.......     17%         1    #......
 Sandblast                Erth           #.....       17%         1    #......
 Shock                    Conj/Air       #....        17%         1    #......
 Slow                     Hex            #.......     17%         1    #......
 Summon Butterflies       Summ           #.......     17%         1    #......
 Passwall                 Tmut/Erth      #.......     26%         2    ##.....
 Swiftness                Chrm/Air       #.......     26%         2    ##.....
 Beckoning                Tloc           #.........   45%         3    ###....
 Static Discharge         Air            #.......     45%         3    ###....
 Stone Arrow              Conj/Erth      #.....       45%         3    ###....
 Tukima's Dance           Hex            #.......     45%         3    ###....
 Airstrike                Air            #.........   86%         4    #####..
 Petrify                  Tmut/Erth      #.......     86%         4    #####..
 Lee's Rapid Deconstruct  Erth           #.........   99%         5    ######.
 Lightning Bolt           Conj/Air       #.........   99%         5    ######.
 Invisibility             Hex            #.......     100%        6    #######


Dungeon Overview and Level Annotations

Branches:
Dungeon (12/12)            Temple (0/1) D:6            Lair (0/6) D:7
    Orc (1/1) D:11            Elf (0/3) Orc          Vaults (0/3) D:11
 Depths (0/5) D:12

Altars:
Ashenzari
Cheibriados
Fedhas
Gozag
Hepliaklqana
Kikubaaqudgha
Lugonu
Okawaru
Qazlal
Ru
Trog
Vehumet
Yredelemnul
Zin
Beogh

Shops:
D:2 [*   D:4 [   D:6 ?   D:8 *   D:11 [[   D:12 [   Orc *[


Innate Abilities, Weirdness & Mutations

You can walk through water.
Your dull iron-grey scales are very hard. (AC +13)
You cannot fit into any form of body armour.
You can survive without breathing.
You are cold-blooded and may be slowed by cold attacks.


Message History

You closely miss the orc priest.
The orc priest is moderately wounded.
The orc warrior no longer looks unusually strong.
The orc misses you. The orc wizard closely misses you.
You block the orc warrior's attack. The orc priest barely misses you.
As you read the scroll of teleportation, it crumbles to dust.
You feel strangely unstable.
The orc warrior is no longer distracted by gold.
The orc knight roars a battlecry!
The orc warrior goes into a battle-frenzy!
The orc warrior hits you with a +0 war axe!
* * * LOW HITPOINT WARNING * * *
The orc wizard misses you. You block the orc's attack.
You hit the orc priest.
The orc priest looks more poisoned.
The orc priest is almost dead.
You kill the orc priest!
You block the orc warrior's attack. The orc wizard closely misses you.
The orc knight hits you with a +0 war axe!!
You die...
Your body crumbles into a pile of gold.

#.......#.......∩....
##...................
###.................
#.................
###.#..............
##......####........
#...$.$## .........
##ooo$## ..........
#..@o.# $ #..oh.#
##.#..$......
####........
#........ #........
......... ....#..o.
.........


You could see an orc knight, a warg, 2 orc warriors, an orc wizard and an orc.

Vanquished Creatures
  A frost giant (D:12)
  A great orb of eyes (D:11)
  2 rakshasas (D:12)
  2 vault guards (D:11)
  A two-headed ogre (D:12)
  2 centaur warriors
  4 orc high priests (Orc)
  A glowing orange brain (D:12)
  2 orc knights
  3 wizards (D:11)
  An unseen horror (D:11)
  A necromancer (D:11)
  A deep elf mage (D:11)
  5 ugly things
  2 manticores
  3 orc sorcerers
  An elephant (D:6)
  4 centaur zombies
  A gargoyle (D:12)
  Joseph (D:10)
  3 kobold demonologists
  2 yaktaurs
  A queen bee (shapeshifter) (D:12)
  3 trolls
  3 meliai
  A hornet (D:10)
  Prince Ribbit (D:6)
  6 slime creatures (D:12)
  3 hippogriffs
  A wraith (D:12)
  11 yaks
  A spriggan (shapeshifter) (D:12)
  2 wyverns
  2 basilisks
  Eustachio (D:6)
  15 humans (D:11)
  2 hungry ghosts
  A steam dragon (shapeshifter) (D:12)
  5 vampire mosquitoes
  3 wargs (Orc)
  A soldier ant (D:9)
  Edmund (D:6)
  A crocodile (D:6)
  A porcupine (shapeshifter) (D:12)
  21 orc warriors
  An ice beast (D:5)
  An eye of draining (D:10)
  3 sky beasts
  2 necrophages
  2 phantoms
  10 ogres
  16 centaurs
  11 big kobolds
  7 bullfrogs
  2 gnoll sergeants
  7 water moccasin zombies (Ossuary)
  5 scorpions
  A water moccasin skeleton (D:4)
  4 howler monkeys
  4 crimson imps
  A bullfrog zombie (D:8)
  3 hounds
  2 quasits
  4 jellies
  16 orc priests
  3 centaur skeletons
  7 iguanas
  Natasha (thrice) (D:4)
  22 orc wizards
  10 worker ants
  3 big kobold zombies (Ossuary)
  A hound zombie (D:10)
  3 hound skeletons
  Robin (D:2)
  2 mummies (Ossuary)
  14 gnolls
  A gnoll (shapeshifter) (D:12)
  17 adders
  7 adder zombies (Ossuary)
  An adder skeleton (D:8)
  5 worms
  5 dart slugs
  6 leopard geckos
  66 orcs
  4 bats
  2 giant cockroaches
  5 goblins
  11 hobgoblins
  7 jackals
  34 kobolds
  3 quokkas
  2 ball pythons
  3 frilled lizards
  2 gnoll zombies (Ossuary)
  3 hobgoblin zombies (Ossuary)
  2 jackal skeletons
  8 kobold zombies (Ossuary)
  7 orc zombies (Ossuary)
  3 rats
  4 bushes (D:3)
  2 plants (D:3)
512 creatures vanquished.

Vanquished Creatures (collateral kills)
  An orc knight (D:11)
  An orc (D:7)
2 creatures vanquished.

Vanquished Creatures (others)
  A centaur warrior (D:11)
  An orc wizard (Orc)
2 creatures vanquished.

Grand Total: 516 creatures vanquished

Notes
Turn   | Place    | Note
-------+----------+-------------------------------------------
     0 | D:1      | Chiseanne the Draconian Archaeologist began the quest for
                  | the Orb.
     0 | D:1      | Reached XP level 1. HP: 16/16 MP: 1/1
   498 | D:1      | Reached XP level 2. HP: 20/24 MP: 2/2
   852 | D:1      | Reached skill level 2 in Fighting
  1114 | D:1      | Reached XP level 3. HP: 30/30 MP: 3/3
  1598 | D:2      | Reached skill level 3 in Fighting
  1598 | D:2      | Reached XP level 4. HP: 37/38 MP: 4/4
  1647 | D:2      | Found an opulent altar of Gozag.
  2112 | D:2      | Identified the cursed +0 helmet of the Will of the Gods
                  | {rN+ Str+3}
  2112 | D:2      | Noticed Robin
  2125 | D:2      | Killed Robin
  2125 | D:2      | Reached XP level 5. HP: 44/46 MP: 5/5
  2125 | D:2      | Identified a scroll of acquirement
  2131 | D:2      | Identified the +8 bardiche of the Walnut {flame, Fragile
                  | Str+3 Int+5} (You acquired it on level 2 of the Dungeon)
  2131 | D:2      | Identified the ring of Idoix {rPois Dex+2} (You acquired it
                  | on level 2 of the Dungeon)
  2475 | D:2      | Became a worshipper of Gozag Ym Sagoz the Greedy
  2481 | D:2      | Bought a scorched long sword for 195 gold pieces
  2481 | D:2      | Bought a triangular golden amulet for 115 gold pieces
  2481 | D:2      | Bought a scroll labeled NICASSEUVI for 23 gold pieces
  2481 | D:2      | Bought a scroll of magic mapping for 80 gold pieces
  2481 | D:2      | Bought a scroll labeled YSCHUI GOWO for 23 gold pieces
  2481 | D:2      | Bought a scroll labeled NICASSEUVI for 23 gold pieces
  2482 | D:2      | Identified the +11 long sword of Trauma {venom, +Blink
                  | rF++} (You bought it in a shop on level 2 of the Dungeon)
  2642 | D:3      | Reached skill level 4 in Fighting
  2828 | D:3      | Reached skill level 1 in Evocations
  2933 | D:3      | Reached skill level 1 in Long Blades
  3107 | D:3      | Found an ancient bone altar of Kikubaaqudgha.
  3196 | D:3      | Reached XP level 6. HP: 53/53 MP: 6/6
  3780 | D:4      | Found a snail-covered altar of Cheibriados.
  3785 | D:4      | Found a radiant altar of Vehumet.
  3816 | D:4      | Found a sand-covered staircase.
  3830 | Ossuary  | Entered an ossuary
  4017 | Ossuary  | Your scales start taking on a dull iron-grey colour.
  4017 | Ossuary  | Reached XP level 7. HP: 41/60 MP: 8/8
  4017 | Ossuary  | Gained mutation: You can survive without breathing. [Grey
                  | Draconian growth]
  4026 | Ossuary  | Reached skill level 5 in Fighting
  4039 | Ossuary  | Reached skill level 5 in Dodging
  4718 | D:4      | Reached XP level 8. HP: 64/70 MP: 10/10
  4867 | D:4      | Noticed Natasha
  4870 | D:4      | Killed Natasha
  5005 | D:4      | Noticed Natasha
  5009 | D:4      | Killed Natasha
  5014 | D:4      | Noticed Natasha
  5020 | D:4      | Killed Natasha
  5235 | D:4      | Bought a +2 buckler of reflection for 222 gold pieces
  5239 | D:5      | Entered Level 5 of the Dungeon
  5259 | D:5      | Reached skill level 6 in Fighting
  5329 | D:5      | Reached skill level 1 in Shields
  5332 | D:5      | Found an iron altar of Okawaru.
  6001 | D:5      | Reached skill level 5 in Evocations
  6058 | D:6      | Noticed Prince Ribbit
  6070 | D:6      | Killed Prince Ribbit
  6070 | D:6      | Reached skill level 7 in Fighting
  6070 | D:6      | Reached XP level 9. HP: 79/79 MP: 12/12
  6119 | D:6      | Noticed Edmund
  6133 | D:6      | Killed Edmund
  6180 | D:6      | Found Buomemy's Magic Scroll Shoppe.
  6188 | D:6      | Bought a scroll of identify for 30 gold pieces
  6188 | D:6      | Bought a scroll of identify for 30 gold pieces
  6188 | D:6      | Bought a scroll of fear for 52 gold pieces
  6231 | D:6      | Found a staircase to the Ecumenical Temple.
  6241 | D:6      | Noticed Eustachio
  6251 | D:6      | Killed Eustachio
  6430 | D:6      | Found a blossoming altar of Fedhas.
  6483 | D:7      | Found a staircase to the Lair.
  6483 | D:7      | Noticed an elephant
  6857 | D:7      | Reached skill level 8 in Fighting
  6866 | D:7      | Found a corrupted altar of Lugonu.
  7087 | D:7      | Found a hazy altar of Hepliaklqana.
  7228 | D:7      | Found a shattered altar of Ashenzari.
  7229 | D:7      | Found a glowing silver altar of Zin.
  7238 | D:7      | Noticed a manticore
  7443 | D:7      | Killed a manticore
  7443 | D:7      | Reached skill level 5 in Shields
  7443 | D:7      | Reached XP level 10. HP: 45/90 MP: 14/14
  7874 | D:4      | Bought the +3 crown of Dyrovepreva {rElec Int+2 SInv} for
                  | 496 gold pieces
  7874 | D:4      | Found the +3 crown of Dyrovepreva {rElec Int+2 SInv}
  7946 | D:6      | Killed an elephant
  8052 | D:8      | Noticed a green ugly thing
  8164 | D:8      | Found Qonyck's General Store.
  8239 | D:7      | Killed a green ugly thing
  8239 | D:7      | Reached skill level 9 in Fighting
  8421 | D:8      | Bought a scroll of identify for 26 gold pieces
  8724 | D:8      | Found a stormy altar of Qazlal.
  8724 | D:8      | Found a basalt altar of Yredelemnul.
  8744 | D:8      | Found a bloodstained altar of Trog.
  9525 | D:9      | Found a sacrificial altar of Ru.
  9708 | D:9      | Reached XP level 11. HP: 99/99 MP: 17/17
  9719 | D:9      | Found Biukhles's Food Shoppe.
  9728 | D:9      | Bought a ration for 55 gold pieces
  9728 | D:9      | Bought a ration for 55 gold pieces
  9728 | D:9      | Bought a ration for 55 gold pieces
  9728 | D:9      | Bought a ration for 55 gold pieces
  9728 | D:9      | Bought a ration for 55 gold pieces
  9728 | D:9      | Bought a ration for 55 gold pieces
  9728 | D:9      | Bought a ration for 55 gold pieces
  9728 | D:9      | Bought a ration for 55 gold pieces
  9728 | D:9      | Bought a ration for 55 gold pieces
  9728 | D:9      | Bought a ration for 55 gold pieces
  9728 | D:9      | Bought a ration for 55 gold pieces
 10175 | D:10     | Entered Level 10 of the Dungeon
 10333 | D:10     | Reached skill level 10 in Fighting
 10567 | D:10     | Found a roughly hewn altar of Beogh.
 10982 | D:10     | Noticed Joseph
 11000 | D:10     | Killed Joseph
 11925 | D:11     | Noticed a brown ugly thing
 11925 | D:11     | Noticed a centaur warrior
 11926 | D:11     | Found a staircase to the Orcish Mines.
 11927 | D:11     | Found Hexuc's Armour Boutique.
 11943 | D:11     | Killed a brown ugly thing
 11943 | D:11     | Killed a centaur warrior
 12094 | D:11     | Reached skill level 11 in Fighting
 12201 | D:11     | Noticed a white ugly thing
 12213 | D:11     | Killed a white ugly thing
 12224 | D:11     | Noticed a deep elf mage
 12225 | D:11     | Reached XP level 12. HP: 99/110 MP: 19/19
 12293 | D:11     | Bought a +1 pair of boots of stealth for 231 gold pieces
 12348 | D:11     | Noticed a centaur warrior
 12356 | D:11     | Killed a centaur warrior
 12363 | D:11     | Reached skill level 10 in Dodging
 12378 | D:11     | Noticed a vault guard
 12391 | D:11     | Noticed a vault guard
 12428 | D:11     | Killed a vault guard
 12428 | D:11     | Reached skill level 10 in Evocations
 12901 | D:11     | Paralysed by a human for 3 turns
 12925 | D:11     | Noticed a vault guard
 12939 | D:11     | Noticed a great orb of eyes
 12939 | D:11     | a vault guard changed into a great orb of eyes
 13302 | D:11     | Killed a vault guard
 13403 | D:11     | Killed a great orb of eyes
 13403 | D:11     | Reached skill level 12 in Fighting
 13406 | D:11     | Found a gate to the Vaults.
 13771 | D:12     | Entered Level 12 of the Dungeon
 14029 | D:12     | Found a bloodstained altar of Trog.
 14043 | D:12     | Noticed a centaur warrior
 14050 | D:12     | Noticed a rakshasa
 14059 | D:12     | Noticed a rakshasa
 14102 | D:12     | Reached skill level 10 in Shields
 14125 | D:12     | Noticed a centaur warrior
 14131 | D:12     | Reached XP level 13. HP: 22/119 MP: 21/21
 15241 | D:12     | Noticed a frost giant
 15257 | D:12     | Killed a frost giant
 15623 | D:12     | Paralysed by an orc sorcerer for 4 turns
 16116 | D:12     | Found a staircase to the Depths.
 16825 | D:12     | Bought a pair of embroidered gloves for 270 gold pieces
 16835 | D:12     | Bought a pair of embroidered gloves for 270 gold pieces
 16900 | Orc      | Entered the Orcish Mines
 17041 | Orc      | Learned a level 1 spell: Apportation
 17042 | Orc      | Found Hattotra's General Store.
 17068 | Orc      | Reached skill level 1 in Spellcasting
 17096 | Orc      | Found Moet's Armour Emporium.
 17432 | Orc      | Reached skill level 13 in Fighting
 17498 | Orc      | Found a staircase to the Elven Halls.
 17574 | Orc      | HP: 6/122 [orc high priest/divine providence (15)]
 18441 | Orc      | Bought a potion of haste for 140 gold pieces
 18441 | Orc      | Bought a scroll of identify for 28 gold pieces
 18441 | Orc      | Bought a wand of iceblast (10) for 196 gold pieces
 18441 | Orc      | Bought a potion of flight for 42 gold pieces
 18486 | Orc      | Reached skill level 1 in Throwing
 18496 | Orc      | Slain by an orc knight

Skill      XL: |  1  2  3  4  5  6  7  8  9 10 11 12 13 |
---------------+----------------------------------------+-----
Dodging        | 3 4 5 6 7 8 9 10 11 | 11.7
Fighting       | 2 3 4 5 7 8 9 11 12 13 | 13.1
Evocations     | 1 2 3 5 6 8 9 10 11 | 11.4
Long Blades    | 1 2 3 |  3.8
Shields        | 3 5 6 8 10 11 | 11.1
Spellcasting   | 2 |  2.7
Throwing       | 1 |  1.0
Maces & Flails | |  1.0
Stealth        | |  3.0

Action                   |  1- 3 |  4- 6 |  7- 9 | 10-12 | 13-15 || total
-------------------------+-------+-------+-------+-------+-------++-------
Melee: Dagger            |   102 |    29 |       |       |       ||   131
       Whip              |     8 |       |       |       |       ||     8
       Tailslap          |     9 |    29 |    33 |    92 |    46 ||   209
       Long sword        |       |   232 |   273 |   690 |   325 ||  1520
       Spear             |       |    12 |       |       |       ||    12
       Morningstar       |       |       |       |    55 |     5 ||    60
 Fire: Hunting sling     |       |       |       |     5 |       ||     5
Throw: Javelin           |       |     1 |    21 |    41 |    49 ||   112
Invok: Call Merchant     |       |     2 |     1 |     1 |     1 ||     5
 Abil: Evoke Blink       |       |       |       |     1 |       ||     1
Evoke: Wand              |       |     1 |     5 |    20 |    22 ||    48
  Use: Scroll            |       |    12 |     8 |    17 |     5 ||    42
       Potion            |       |       |       |     6 |     5 ||    11
 Stab: Sleeping          |     7 |     5 |     5 |     3 |       ||    20
       Paralysed         |       |     1 |     7 |    17 |    15 ||    40
       Distracted        |       |     1 |       |     7 |     1 ||     9
  Eat: Chunk             |     2 |     3 |       |       |       ||     5
       Ration            |       |     2 |     4 |     8 |     4 ||    18
Armor: Skin              |    43 |    72 |   132 |   228 |    67 ||   542
Dodge: Dodged            |    65 |   140 |   213 |   471 |   212 ||  1101
Block: Buckler           |       |       |    66 |   305 |   150 ||   521
       Reflection        |       |       |       |    16 |    14 ||    30
